 Dungeon Sprint DCSS version 0.22-a0-389-g8519d86 (webtiles) character file.

16 raistware the Skirmisher (level 2, -1/26 HPs)
             Began as a Formicid Abyssal Knight on Apr 30, 2018.
             Was a Priest of Lugonu.
             Succumbed to a worker ant's poison
             ... in the Dungeon (Sprint IX: "|||||||||||||||||||||||||||||").
             The game lasted 00:01:53 (50 turns).

raistware the Skirmisher (Formicid Abyssal Knight)    Turns: 50, Time: 00:01:53

Health: -1/26      AC:  3    Str: 16    XL:     2   Next: 70%
Magic:  3/3        EV: 11    Int: 11    God:    Lugonu [***...]
Gold:   0          SH:  0    Dex: 10    Spells: 1/1 levels left

rFire    . . .     SeeInvis +   a - +1 falchion
rCold    . . .     Gourm    .   (no shield)
rNeg     . . .     Faith    .   b - +0 leather armour
rPois    .         Spirit   .   (helmet unavailable)
rElec    .         Reflect  .   (no cloak)
rCorr    .         Harm     .   (no gloves)
MR       .....                  (no boots)
Stlth    +.........             (no amulet)
HPRegen  0.08/turn              (no ring)
MPRegen  0.08/turn              (no ring)

@: lethally poisoned (-1 -> -28)
A: permanent stasis, dig shafts and tunnels, four strong arms, antennae 3
a: Dig, Bend Space, Banish, Renounce Religion


You were in the Dungeon.
You worshipped Lugonu.
Lugonu was most pleased with you.
You were not hungry.

You visited 1 branch

Inventory:

Hand Weapons
 a - a +1 falchion (weapon)
Armour
 b - a +0 leather armour (worn)
Scrolls
 i - a scroll of blinking
Potions
 f - a potion of haste
 g - 2 potions of magic
 h - a potion of berserk rage
Comestibles
 c - a ration
 j - 2 chunks of flesh


   Skills:
 + Level 4.5 Fighting
 * Level 4.4 Long Blades
 - Level 2.1 Armour
 - Level 0.8 Dodging
 - Level 2.1 Invocations


You had one spell level left.
You didn't know any spells.

Dungeon Overview and Level Annotations

Branches:
Dungeon (1/1)

Altars:


Innate Abilities, Weirdness & Mutations

You cannot be hasted, slowed, berserked, paralysed or teleported.
You can dig through walls and to a lower floor.
Your four strong arms can wield two-handed weapons with a shield.
You have a pair of large antennae on your head. (SInv)


Message History

* * * LOW HITPOINT WARNING * * *
You feel sick. The worker ant bites you.
* * * LOW HITPOINT WARNING * * *
You extend your mandibles.
You can't dig through that.
You extend your mandibles.
You retract your mandibles.
You barely miss the worker ant.
The worker ant is heavily wounded.
* * * LOW HITPOINT WARNING * * *
You feel sick. The worker ant bites you.
* * * LOW HITPOINT WARNING * * *
You are more poisoned.
The worker ant poisons you! The worker ant closely misses you.
Okay, then.
You don't have enough magic capacity.
You don't have enough health at the moment.
Okay, then.
You hit the worker ant but do no damage.
The worker ant is heavily wounded.
You die...

▓.▓
▓.▓
▓.▓
▓)▓
▓.▓
▓.▓
▓.▓
▓.▓
▓@▓
▓a▓
▓a▓
▓.▓
▓.▓
▓.▓
▓.▓
▓+▓


You could see 2 worker ants.

Vanquished Creatures
  An adder (D)
  A bat zombie (D)
  3 goblins (D)
  A bat (D)
  A quokka zombie (D)
  A rat (D)
8 creatures vanquished.

Notes
Turn   | Place    | Note
-------+----------+-------------------------------------------
     0 | D        | raistware the Formicid Abyssal Knight began the quest for the Orb.
     0 | D        | Reached XP level 1. HP: 18/18 MP: 2/2
     6 | D        | Reached ** piety under Lugonu
    23 | D        | Noticed a worker ant
    23 | D        | Noticed a worker ant
    27 | D        | Reached *** piety under Lugonu
    38 | D        | Reached XP level 2. HP: 11/26 MP: 3/3
    49 | D        | HP: 1/26 [worker ant (1)]
    50 | D        | Succumbed to a worker ant's poison

Vault maps used:
D:        linesprint

Skill      XL: |  1 |
---------------+----+-----
Long Blades    | 4 |  4.4
Fighting       | 4 |  4.5
Armour         | |  2.1
Dodging        | |  0.8
Invocations    | |  2.1

Action                   || total
-------------------------++-------
Melee: Falchion          ||    33
 Abil: Dig               ||     2
  Use: Potion            ||     2
Armor: Leather armour    ||     8
Dodge: Dodged            ||    21
       Rpst.: Falchion   ||     5

Table legend:
 A = Spawn XP
 B = Non-spawn XP
 C = Spawn XP percentage of total XP
 D = Spawn monster count
 E = Non-spawn monster count
 F = Spawn count percentage of total count
 G = Total turns spent on level
                    A         B        C        D         E        F      G
               +---------+---------+-------+---------+---------+-------+---------
         Total |       0 |      23 |   0.0 |       0 |       8 |   0.0 |    50
               +---------+---------+-------+---------+---------+-------+---------
             D |       0 |      23 |   0.0 |       0 |       8 |   0.0 |    50
               +---------+---------+-------+---------+---------+-------+---------
